 Dungeon Crawl Stone Soup version 0.16.1-18-g436b03c (webtiles) character file.

49911 theElss the Basher (level 14, -6/138 HPs)
             Began as a Gargoyle Berserker on May 9, 2015.
             Was a High Priest of Trog.
             Mangled by a death yak (13 damage)
             ... on level 7 of the Lair of Beasts.
             The game lasted 01:24:34 (23582 turns).

theElss the Basher (Gargoyle Berserker)            Turns: 23582, Time: 01:24:35

Health: -6/138     AC: 14    Str: 29    XL:     14   Next: 52%
Magic:  14/14      EV: 14    Int:  9    God:    Trog [*****.]
Gold:   1079       SH: 12    Dex: 10    Spells: 0 memorised, 13 levels left

rFire  + . .     SeeInvis .     U - +7 mace of Sketuty {crush, +Inv +Fly rPois rC- rN+}
rCold  . . .     Clarity  .     (no armour)
rNeg   + + .     SustAb   .     p - +0 shield
rPois  ∞         Gourm    .     (no helmet)
rElec  +         Spirit   .     d - +0 cloak
rCorr  +         Warding  .     N - +0 pair of gloves
rMut   .         Stasis   .     J - +0 pair of boots
MR     +....                    t - amulet of resist corrosion
Stlth  ..........               R - ring of protection from cold
                                Y - ring of protection from fire

@: berserking, flying, very quick, somewhat resistant to hostile enchantments,
extremely unstealthy
A: able to fly continuously, big wings, negative energy resistance 1,
electricity resistance, unbreathing, petrification resistance, rot immunity, AC
+9
a: Stop Flying, Burn Spellbooks, Berserk, Trog's Hand, Brothers in Arms,
Renounce Religion, Evoke Invisibility


You were on level 7 of the Lair of Beasts.
You worshipped Trog.
Trog was extremely pleased with you.
You were not hungry.

You visited 2 branches of the dungeon, and saw 20 of its levels.
You also visited: Sewer.

You collected 1191 gold pieces.
You spent 112 gold pieces at shops.

Inventory:

Hand weapons
 U - the +7 mace of Sketuty (weapon) {crush, +Inv +Fly rPois rC- rN+}
   (Trog gifted it to you on level 7 of the Dungeon)

   It inflicts extra damage upon your enemies.
   It makes you vulnerable to cold.
   It protects you from poison.
   It protects you from negative energy.
   It lets you turn invisible.
   It lets you fly.
Armour
 d - a +0 cloak (worn)
 p - a +0 shield (worn)
 J - a +0 pair of boots (worn)
 N - a +0 pair of gloves (worn)
Jewellery
 e - the amulet of Impatience {Inacc rPois}
   (You found it on level 7 of the Lair of Beasts)

   [amulet of inaccuracy]

   It reduces the accuracy of all your attacks.
   It protects you from poison.
 i - an uncursed ring of see invisible
 t - an amulet of resist corrosion (around neck)
 R - a ring of protection from cold (right hand)
 Y - a ring of protection from fire (left hand)
Magical devices
 b - a wand of digging (6)
 c - a wand of disintegration (15)
 l - a wand of teleportation (1)
 s - a wand of fireball (2)
 M - a wand of flame (14)
Scrolls
 j - 9 scrolls of remove curse
 k - 4 scrolls of teleportation
 r - 8 scrolls of fear
 v - a scroll of blinking
 x - a scroll of summoning
 T - a scroll of fog
 V - a scroll of holy word {unknown}
Potions
 f - a potion of resistance {unknown}
 h - 5 potions of curing
 o - 3 potions of heal wounds {unknown}
 q - 4 potions of haste {unknown}
 z - a potion of experience {unknown}
 D - 2 potions of cure mutation {unknown}
 F - 4 potions of agility {unknown}
 G - a potion of beneficial mutation {unknown}
 H - a potion of ambrosia {unknown}
 I - 2 potions of mutation {unknown}
 L - a potion of might {unknown}
 P - a potion of invisibility {unknown}
 Q - 2 potions of berserk rage {unknown}
Miscellaneous
 a - a phial of floods
Comestibles
 g - a chunk of flesh
 w - 8 meat rations
 B - 10 fruits


   Skills:
 * Level 12.6 Fighting
 + Level 14.3 Maces & Flails
 + Level 11.4 Armour
 + Level 9.3 Dodging
 + Level 9.2 Shields


You had 13 spell levels left.
You didn't know any spells.

Dungeon Overview and Level Annotations

Branches:
Dungeon (12/15)            Temple (0/1) D:7            Lair (8/8) D:11
  Swamp (0/5) Lair:3        Snake (0/5) Lair:4        Slime (0/6) Lair:6
    Orc (0/4) D:9

Altars:
Ashenzari
Cheibriados
Dithmenos
Gozag
Qazlal
Ru
Zin
The Shining One
Jiyva

Shops:
D:9 !

Annotations:
D:6 Prince Ribbit


Innate Abilities, Weirdness & Mutations

You are resistant to torment.
You are immune to poison.
You can fly continuously.
Your stone body is very resilient (AC +9).
Your wings are large and strong.
You resist negative energy.
You are resistant to electric shocks.
You can survive without breathing.
You are immune to petrification.
You are immune to rotting.


Message History

Trog accepts your kill. The death yak closely misses you.
You bludgeon the death yak!!
The death yak is moderately wounded.
You block the death yak's attack. x2
You barely miss the death yak.
The death yak is moderately wounded.
You sock the death yak!
The death yak is heavily wounded.
The death yak gores you!!
* * * LOW HITPOINT WARNING * * *
The death yak gores you but does no damage.
You sock the death yak!
The death yak is severely wounded.
You bludgeon the death yak!!
The death yak is almost dead.
The death yak gores you!
* * * LOW HITPOINT WARNING * * *
The death yak gores you!
You die...

####.......#
#.......###.#....
#.......####......P###.....
###......##......P###......
##......#...............#
#..............#.[...###
###...........P......#
#.#................##
##.#..)...........##
##..†@Y.........##
###Y(.........P#
###...>...#.## ##.......##
#P......## ###......###
#..........# ##........##
#.P......#


You could see 2 death yaks.

Vanquished Creatures
  Josephine (D:10)
  4 hydras
  Harold (D:10)
  A rakshasa (D:10)
  7 death yaks
  An oklob plant (Lair:6)
  5 hill giants (D:11)
  3 elephants (Lair:7)
  A torpor snail (Lair:7)
  13 black mambas
  6 spiny frogs
  Psyche (D:9)
  A fire drake (Lair:7)
  4 komodo dragons
  2 polar bears (Lair:7)
  2 trolls
  2 ravens (Lair:6)
  5 wraiths (D:10)
  16 blink frogs
  A human (D:7)
  A basilisk (Lair:8)
  4 wyverns
  2 hungry ghosts
  10 hippogriffs
  52 yaks
  Edmund (D:5)
  Menkaure (D:6)
  20 wolves
  5 swamp worms (Lair:1)
  18 water moccasins
  9 porcupines
  2 ice beasts
  2 sky beasts
  4 orc warriors
  3 black bears
  4 phantoms
  A necrophage (D:9)
  An ogre (D:4)
  16 crocodiles
  Duvessa (D:6)
  8 centaurs
  3 big kobolds
  13 giant frogs
  Blork the orc (D:4)
  5 scorpions
  6 wights
  9 killer bees (D:9)
  An electric eel (Lair:3)
  Dowan (D:6)
  2 crimson imps
  3 orc priests
  A centaur zombie (D:7)
  2 centaur skeletons
  3 giant frog skeletons
  4 hounds
  7 orc wizards
  3 jellies
  9 iguanas
  7 worker ants
  A killer bee zombie (D:6)
  8 sheep
  A hound zombie (D:8)
  8 gnolls
  25 adders
  39 river rats
  10 giant mites (Sewer)
  A shadow imp (D:7)
  14 worms (Lair:1)
  An adder skeleton (D:4)
  19 oozes
  45 orcs
  13 ball pythons
  20 giant cockroaches
  13 goblins
  13 hobgoblins
  13 jackals
  10 quokkas
  10 bats
  23 giant geckos
  A giant gecko skeleton (D:4)
  10 giant newts
  27 kobolds
  2 quokka skeletons
  2 quokka zombies
  10 rats
  A ballistomycete (D:7)
  A bush (Lair:6)
  A fungus (Lair:2)
  3 plants
667 creatures vanquished.

Vanquished Creatures (others)
  An orc warrior (D:10)
  An ogre (Lair:8)
  A giant spore (D:7)
  4 fungi (Lair:8)
  6 plants
13 creatures vanquished.

Grand Total: 680 creatures vanquished

Notes
Turn   | Place    | Note
--------------------------------------------------------------
     0 | D:1      | theElss, the Gargoyle Berserker, began the quest for the Orb.
     0 | D:1      | Reached XP level 1. HP: 14/14 MP: 1/1
   326 | D:1      | Reached XP level 2. HP: 19/19 MP: 2/2
   445 | D:1      | Acquired Trog's second power
   566 | D:1      | Reached XP level 3. HP: 23/23 MP: 3/3
  1209 | D:2      | Reached skill level 4 in Maces & Flails
  1238 | D:2      | Reached XP level 4. HP: 17/28 MP: 4/4
  1768 | D:3      | Reached XP level 5. HP: 33/33 MP: 5/5
  2579 | D:4      | Found a glowing silver altar of Zin.
  2579 | D:4      | Found a snail-covered altar of Cheibriados.
  3140 | D:4      | Noticed Blork the orc
  3149 | D:4      | Killed Blork the orc
  3149 | D:4      | Reached skill level 5 in Maces & Flails
  3149 | D:4      | Reached XP level 6. HP: 37/39 MP: 6/6
  3476 | D:4      | Noticed an ogre
  3484 | D:4      | Killed an ogre
  3484 | D:4      | Acquired Trog's third power
  3642 | D:4      | Reached XP level 7. HP: 40/44 MP: 7/7
  3929 | D:5      | Entered Level 5 of the Dungeon
  4181 | D:5      | Noticed Edmund
  4193 | D:5      | Killed Edmund
  4193 | D:5      | Reached skill level 5 in Fighting
  4193 | D:5      | Reached skill level 6 in Maces & Flails
  4425 | D:5      | Found a glowing drain.
  4449 | Sewer    | Entered a sewer
  4547 | Sewer    | Received a gift from Trog
  4682 | Sewer    | Reached XP level 8. HP: 47/49 MP: 8/8
  5110 | D:5      | Received a gift from Trog
  5213 | D:5      | Reached skill level 5 in Armour
  5611 | D:6      | Reached skill level 7 in Maces & Flails
  5647 | D:6      | Noticed Prince Ribbit
  5810 | D:6      | Found an opulent altar of Gozag.
  6066 | D:6      | Noticed Menkaure
  6067 | D:6      | Noticed Duvessa
  6067 | D:6      | Noticed Dowan
  6076 | D:6      | Killed Duvessa
  6080 | D:6      | Killed Menkaure
  6094 | D:6      | Killed Dowan
  6239 | D:6      | Reached XP level 9. HP: 51/56 MP: 9/9
  6368 | D:7      | Reached skill level 8 in Maces & Flails
  6394 | D:7      | Found a shattered altar of Ashenzari.
  6812 | D:7      | Found a staircase to the Ecumenical Temple.
  6840 | D:7      | Found a glowing golden altar of the Shining One.
  7159 | D:7      | Reached skill level 5 in Dodging
  7161 | D:7      | Received a gift from Trog
  7183 | D:7      | Got a brightly glowing mace {god gift}
  7184 | D:7      | Identified the +7 mace of Sketuty {crush, +Inv +Fly rPois rC- rN+} (Trog gifted it to you on level 7 of the Dungeon)
  7543 | D:8      | Reached skill level 9 in Maces & Flails
  7612 | D:8      | Found a sacrificial altar of Ru.
  7755 | D:8      | Found a shadowy altar of Dithmenos.
  8076 | D:6      | Reached XP level 10. HP: 63/63 MP: 10/10
  8690 | D:9      | Found a staircase to the Orcish Mines.
  8764 | D:9      | Found Ygid Psuos' Distillery.
  8773 | D:9      | Bought a potion of curing for 42 gold pieces
  8773 | D:9      | Bought a potion of poison for 14 gold pieces
  8773 | D:9      | Bought a potion of brilliance for 56 gold pieces
  8815 | D:9      | Reached skill level 10 in Maces & Flails
  8901 | D:9      | Noticed Psyche
  8914 | D:9      | Killed Psyche
  9235 | D:10     | Entered Level 10 of the Dungeon
  9283 | D:10     | Received a gift from Trog
  9286 | D:10     | Noticed a rakshasa
  9350 | D:10     | Killed a rakshasa
  9633 | D:10     | Reached XP level 11. HP: 60/69 MP: 11/11
  9847 | D:10     | Noticed Josephine
  9853 | D:10     | Noticed Harold
  9861 | D:10     | Reached skill level 11 in Maces & Flails
  9874 | D:10     | Killed Josephine
  9955 | D:10     | Killed Harold
 10681 | D:11     | Noticed a hill giant
 10694 | D:11     | Killed a hill giant
 10735 | D:11     | Found a staircase to the Lair.
 10964 | D:11     | Reached skill level 12 in Maces & Flails
 11220 | D:11     | Reached XP level 12. HP: 60/77 MP: 12/12
 11235 | D:11     | Received a gift from Trog
 11239 | D:11     | Got a twisted dire flail {god gift}
 11240 | D:11     | Identified the +4 dire flail of Trog's Vengeance {venom, Dex+4} (Trog gifted it to you on level 11 of the Dungeon)
 11352 | D:11     | Identified the Guide on Talismans
 11418 | D:11     | Noticed a hill giant
 11429 | D:11     | Killed a hill giant
 11494 | D:11     | Noticed a hill giant
 11505 | D:11     | Killed a hill giant
 11592 | D:11     | Reached skill level 10 in Fighting
 11654 | D:11     | Noticed a hill giant
 11665 | D:11     | Killed a hill giant
 11686 | D:11     | Noticed a hill giant
 11695 | D:11     | Killed a hill giant
 11861 | Lair:1   | Entered Level 1 of the Lair of Beasts
 12057 | Lair:1   | Found a stormy altar of Qazlal.
 12188 | Lair:1   | Reached skill level 10 in Armour
 12321 | Lair:1   | Got a faintly humming chain mail
 12363 | Lair:1   | Identified the cursed -5 chain mail "Ucob" {Int+5} (You found it on level 1 of the Lair of Beasts)
 12639 | Lair:1   | Reached skill level 13 in Maces & Flails
 13268 | Lair:2   | Received a gift from Trog
 14406 | Lair:3   | Found a staircase to the Swamp.
 14911 | Lair:3   | Reached XP level 13. HP: 59/84 MP: 13/13
 15263 | Lair:4   | Found a staircase to the Snake Pit.
 15531 | Lair:4   | Reached skill level 1 in Shields
 15561 | Lair:4   | Received a gift from Trog
 16416 | Lair:4   | Reached skill level 5 in Shields
 17820 | Lair:5   | Received a gift from Trog
 18914 | Lair:6   | Reached skill level 14 in Maces & Flails
 19950 | Lair:6   | Found a viscous altar of Jiyva.
 19950 | Lair:6   | Found a staircase to the Slime Pits.
 20290 | Lair:6   | Found an opulent altar of Gozag.
 20888 | Lair:7   | Gained mutation: Your wings are large and strong. [gargoyle growth]
 20888 | Lair:7   | Reached XP level 14. HP: 90/90 MP: 14/14
 20936 | Lair:7   | Received a gift from Trog
 21150 | Lair:7   | Got a smoking silver amulet
 21152 | Lair:7   | Identified the amulet of Impatience {Inacc rPois} (You found it on level 7 of the Lair of Beasts)
 22193 | Lair:8   | Entered Level 8 of the Lair of Beasts
 23417 | Lair:7   | Received a gift from Trog
 23582 | Lair:7   | Mangled by a death yak

Action                   |  1- 3 |  4- 6 |  7- 9 | 10-12 | 13-15 || total
-------------------------+-------+-------+-------+-------+-------++-------
Melee: Mace              |   160 |   214 |   114 |   662 |   817 ||  1967
       Flail             |       |       |   499 |       |       ||   499
       Dire flail        |       |       |       |   238 |       ||   238
Invok: Berserk           |       |     2 |     1 |     5 |    13 ||    21
       Trog's Hand       |       |       |       |       |     2 ||     2
       Brothers in Arms  |       |       |       |       |     1 ||     1
 Abil: Fly               |       |       |       |       |     1 ||     1
  Use: Scroll            |       |     1 |     5 |    11 |     4 ||    21
  Eat: Chunk             |     1 |    10 |    17 |    26 |    34 ||    88
       Pizza             |       |       |       |     1 |     1 ||     2
       Fruit             |       |       |       |     1 |     1 ||     2
       Bread ration      |       |       |       |       |     1 ||     1
